 Dungeon Crawl Stone Soup version 0.31-a0-358-gac0dbeb3ab (webtiles) character file.

Game seed: 12953180327284875365

46 Bnni the Changeling (level 3, -2/24 HPs)
             Began as an Octopode Shapeshifter on July 25, 2023.
             Slain by a gnoll
             ... wielding a +0 spear
              (10 damage)
             ... on level 2 of the Dungeon.
             The game lasted 00:01:11 (772 turns).

Bnni the Changeling (Octopode Shapeshifter)          Turns: 772, Time: 00:01:12

Health: -2/24      AC:  1    Str: 14    XL:     3   Next: 66%
Magic:  3/3        EV: 13    Int: 10    God:
Gold:   67         SH:  0    Dex: 14    Spells: 2/2 levels left

rFire   . .          .
                       - Unarmed
rCold   . . .        (no shield)
rNeg    . . .        (helmet currently unavailable)
rPois   .            (no amulet)
rElec   .            (no ring)
rCorr   .            (no ring)
SInv    .            (no ring)
Will    .....        (no ring)
Stlth   ++           (no ring)
HPRegen 0.24/turn    (no ring)
MPRegen 0.08/turn    (no ring)
                     (no ring)

%: no passive effects
@: beast-form
A: beast (slay +2), almost no armour, amphibious, 8 rings, camouflage 1,
gelatinous body 1, (nimble swimmer 1), tentacles
a: Begin Untransformation


You were on level 2 of the Dungeon.
You were a hulking beast.
You visited 1 branch of the dungeon, and saw 2 of its levels.

You collected 67 gold pieces.

Inventory:

Talismans
 b - a beast talisman
Scrolls
 f - a scroll of blinking {unknown}
 g - 2 scrolls of fear {unknown}
 i - a scroll of fog {unknown}
Potions
 a - 2 potions of lignification
 c - a potion of enlightenment {unknown}
 d - a potion of invisibility {unknown}
 e - 2 potions of curing {unknown}
 h - a potion of brilliance {unknown}
 j - a potion of haste {unknown}


   Skills:
 + Level 1.8 Fighting
 - Level 2.0 Dodging
 + Level 3.3 Unarmed Combat
 * Level 3.6 Shapeshifting


You had 2 spell levels left.
You didn't know any spells.
Your spell library was empty.

Dungeon Overview and Level Annotations

Branches:
Dungeon (2/15)

Altars:

Shops:
D:1 =


Innate Abilities, Weirdness & Mutations

You are a hulking beast.
Your limbs bulge with bestial killing power. (Slay +2)
You cannot wear most types of armour.
You are amphibious.
You can wear up to eight rings at the same time.
Your skin changes colour to match your surroundings (Stealth+).
Your rubbery body absorbs attacks. (AC +1, EV +1)
((You are camouflaged when in or above water. (Stealth+)))
You have tentacles for arms and can constrict up to eight enemies at once.


Message History

HP restored.
You now have 67 gold pieces (gained 13).
Things that are here:
a +0 short sword; 2 stones; a kobold corpse A gnoll comes into view.
It is wielding a +0 flail.
You see here 10 gold pieces.
A gnoll is nearby!
The gnoll shouts!
No target in view!
No target in view!
A gnoll comes into view. It is wielding a +0 halberd.
The gnoll hits you with a +0 flail!
You closely miss the gnoll.
The gnoll shouts!
You grab the gnoll. You squeeze the gnoll!
The gnoll is almost dead.
You constrict the gnoll, but do no damage.
The gnoll closely misses you.
You tentacle-slap the gnoll.
You kill the gnoll!
No target in view!
No target in view! 2 gnolls come into view.
The gnoll shouts!
The gnoll misses you.
The gnoll hits you from afar with a +0 spear.
The gnoll moves out of view.
You see here a +0 flail.
You tentacle-slap the gnoll. You grab the gnoll.
The gnoll is lightly wounded.
You constrict the gnoll, but do no damage.
The gnoll barely misses you.
The gnoll hits you from afar with a +0 spear.
* * * LOW HITPOINT WARNING * * *
You tentacle-slap the gnoll.
The gnoll is heavily wounded.
You constrict the gnoll.
The gnoll struggles to escape constriction.
The gnoll hits you from afar with a +0 spear!
You die...

... ..!. # ....
.# ..... ###
... ...##..
g... ..
#....##....#
...##...gg....#
<.....
...###....


You could see 3 gnolls.

Vanquished Creatures
  A gnoll (D:2)
  4 bats (D:1)
  3 endoplasms (D:1)
  A giant cockroach (D:1)
  6 goblins
  3 hobgoblins
  4 kobolds
  A quokka (D:1)
  4 ball pythons
  3 frilled lizards (D:1)
  2 rats (D:1)
32 creatures vanquished.

Notes
Turn   | Place    | Note
-------+----------+-------------------------------------------
     0 | D:1      | Bnni the Octopode Shapeshifter began the quest for the Orb.
     0 | D:1      | Reached XP level 1. HP: 13/13 MP: 1/1
   129 | D:1      | Reached XP level 2. HP: 18/18 MP: 2/2
   286 | D:1      | Reached XP level 3. HP: 20/23 MP: 3/3
   363 | D:1      | Found Fimoaqul's Jewellery Shoppe.
   609 | D:1      | Found a faded altar of an unknown god.
   772 | D:2      | Slain by a gnoll

Illustrated notes

Levels and vault maps discovered:
D:1:      dpeg_arrival_ternary, layout_basic,
          shapermc_ecumenical_altar_notcrosses, serial_shops, shop
D:2:      layout_rooms

Action                     || total
---------------------------++-------
  Melee: Unarmed           ||    52
         Tentacles         ||     9
         Constrict         ||    14
   Stab: Sleeping          ||     8
         Distracted        ||     1
 Armour: Skin              ||     1
  Dodge: Dodged            ||    23

Table legend: (Time is in decaauts)
 A = Elapsed time spent in this place.
 B = Non-inter-level travel time spent in this place.
 C = Inter-level travel time spent in this place.
 D = Time resting spent in this place.
 E = Time spent auto-exploring this place.
 F = Levels seen in this place.
 G = Mean time per level.
                   A        B        C        D        E       F      G
               +--------+--------+--------+--------+--------+-----+--------+
         Total |    768 |    725 |     43 |      0 |    562 |   2 |  384.0 |
       Dungeon |    768 |    725 |     43 |      0 |    562 |   2 |  384.0 |
               +--------+--------+--------+--------+--------+-----+--------+

Top non-repeatable levels by time:
     D:1: 738 daAuts
     D:2: 30 daAuts
